 Dungeon Crawl Stone Soup version 0.31-a0-851-g7ff8af7976 (webtiles) character file.

Game seed: 11331762237810056890

21 IdlyInterested the Conjurer (level 2, 19/22 HPs)
             Began as a Demonspawn Wanderer on Oct 5, 2023.
             Quit the game on level 1 of the Dungeon.
             The game lasted 00:02:04 (580 turns).

IdlyInterested the Conjurer (Demonspawn Wanderer)    Turns: 580, Time: 00:02:04

Health: 19/22      AC:  4    Str: 12    XL:     2   Next: 62%
Magic:  3/3        EV:  8    Int: 14    God:
Gold:   57         SH:  0    Dex: 11    Spells: 2/3 levels left

rFire   . . .        a - +0 hand axe
rCold   . . .        (no shield)
rNeg    . . .        d - +0 robe
rPois   .            (no helmet)
rElec   .            (no cloak)
rCorr   .            (no gloves)
SInv    .            j - +0 pair of boots
Will    .....        (no amulet)
Stlth   +            (no ring)
HPRegen 0.23/turn    (no ring)
MPRegen 0.08/turn

%: no passive effects
@: constricted
A: rugged brown scales 1
a: no special abilities


You were on level 1 of the Dungeon.
You visited 1 branch of the dungeon, and saw 1 of its levels.

You collected 57 gold pieces.

Inventory:

Hand Weapons
 a - a +0 hand axe (weapon)
Missiles
 h - 5 stones
Armour
 d - a +0 robe (worn)
 j - a +0 pair of boots (worn)
Wands
 b - a wand of flame (6)
Scrolls
 c - a scroll of teleportation
 i - a scroll of vulnerability {unknown}
 k - a scroll of revelation {unknown}
Potions
 e - a potion of curing {unknown}
 f - a potion of heal wounds {unknown}
 g - a potion of might {unknown}


   Skills:
 + Level 2.1 Fighting
 - Level 1.7 Axes
 + Level 0.8 Armour
 - Level 1.0 Spellcasting
 - Level 3.0 Conjurations
 - Level 2.0 Invocations
 - Level 2.0 Evocations


You had 2 spell levels left.
You knew the following spells:

 Your Spells              Type           Power      Damage    Failure   Level
a - Shock                 Conj/Air       16%        1d4       14%         1

Your spell library contained the following spells:

 Spells                   Type           Power      Damage    Failure   Level
 Flame Wave               Conj/Fire      4%         2d5       80%         4
 Fulminant Prism          Conj/Hex       2%         3d5       80%         4


Dungeon Overview and Level Annotations

Branches:
Dungeon (1/15)

Altars:


Innate Abilities, Weirdness & Mutations

You are partially covered in rugged brown scales. (AC +1, +3% HP)


Message History

The quokka bites you. The quokka barely misses you.
You miss the quokka.
The quokka is heavily wounded.
The quokka misses you.
You barely miss the quokka.
The quokka is heavily wounded.
The quokka bites you. x2
You barely miss the quokka.
The quokka is heavily wounded.
The quokka bites you but does no damage.
You hit the quokka.
The quokka is almost dead.
The quokka closely misses you. The quokka bites you.
You hit the quokka.
You kill the quokka!
Found a plate armour.
You now have 57 gold pieces (gained 17).
You see here a +0 short sword.
A hobgoblin comes into view.
The hobgoblin shouts!
A ball python comes into view.
A kobold comes into view. It is wielding a +0 dagger.
The kobold shouts!
You hit the hobgoblin.
The hobgoblin is heavily wounded.
The hobgoblin hits you.
The hobgoblin hits you but does no damage.
You barely miss the hobgoblin.
The hobgoblin is heavily wounded.
You hit the ball python but do no damage.
The ball python closely misses you. The ball python grabs you.
The ball python constricts you. The hobgoblin closely misses you.
You hit the ball python.
The ball python is severely wounded.
You hit the hobgoblin but do no damage.
The ball python bites you but does no damage.
The ball python constricts you. The hobgoblin hits you.
The ball python bites you but does no damage.
The ball python constricts you.
Are you sure you want to abandon this character and quit the game? (Confirm with "yes".)

.#............).
#..
#.###..#.#.#...
... .
#........). #..
.###..#.#.##รท#
# #..
..........##.#
#.#..
######.####..
..K #.# ###
#S##########.#
#.@..........#
#g############
#. .# #. #. #


You could see a hobgoblin, a ball python and a kobold.

Vanquished Creatures
  A ball python (D:1)
  2 endoplasms (D:1)
  A giant cockroach (D:1)
  3 goblins (D:1)
  2 hobgoblins (D:1)
  A kobold (D:1)
  4 quokkas (D:1)
  2 rats (D:1)
16 creatures vanquished.

Notes
Turn   | Place    | Note
-------+----------+-------------------------------------------
     0 | D:1      | IdlyInterested the Demonspawn Wanderer began the quest for
                  | the Orb.
     0 | D:1      | IdlyInterested set off with the following items: a +0 hand
                  | axe, a wand of flame (6), a scroll of teleportation, a +0
                  | robe; and the following spell memorised: Shock; and the
                  | following spells available to memorise: Flame Wave,
                  | Fulminant Prism.
     0 | D:1      | Reached XP level 1. HP: 15/15 MP: 2/2
   245 | D:1      | Gained mutation: You are partially covered in rugged brown
                  | scales. (AC +1, +3% HP) [demonic ancestry]
   245 | D:1      | Reached XP level 2. HP: 16/22 MP: 0/3
   580 | D:1      | Quit the game

Illustrated notes

Levels and vault maps discovered:
D:1:      erik_arrival_triangle_small, layout_loops_ring

Skill      XL: |  1  2 |
---------------+-------+-----
Invocations    | 2 |  2.0
Fighting       | 2 |  2.1
Axes           | |  1.7
Armour         | |  0.8
Spellcasting   | |  1.0
Conjurations   | |  3.0
Evocations     | |  2.0

Action                     || total
---------------------------++-------
  Melee: Hand axe          ||    60
   Cast: Shock             ||     9
 Armour: Robe              ||    38
  Dodge: Dodged            ||    35

Table legend: (Time is in decaauts)
 A = Elapsed time spent in this place.
 B = Non-inter-level travel time spent in this place.
 C = Inter-level travel time spent in this place.
 D = Time resting spent in this place.
 E = Time spent auto-exploring this place.
 F = Levels seen in this place.
 G = Mean time per level.
                   A        B        C        D        E       F      G
               +--------+--------+--------+--------+--------+-----+--------+
         Total |    592 |    592 |      0 |     60 |    350 |   1 |  592.0 |
       Dungeon |    592 |    592 |      0 |     60 |    350 |   1 |  592.0 |
               +--------+--------+--------+--------+--------+-----+--------+

Top non-repeatable levels by time:
     D:1: 592 daAuts
